 Dungeon Crawl Stone Soup version 0.21-a0-434-g806c6c2 (webtiles) character file.

6513 AsandaNima the Basher (level 10, -3/84 (86) HPs)
             Began as a Minotaur Fighter on Nov 8, 2017.
             Succumbed to a death drake's dark miasma
             ... on level 9 of the Dungeon.
             The game lasted 00:49:28 (9084 turns).

AsandaNima the Basher (Minotaur Fighter)            Turns: 9084, Time: 00:49:29

HP:   -3/84 (86)    AC: 14    Str: 25    XL:     10   Next: 69%
MP:   9/9           EV:  8    Int:  5    God:
Gold: 611           SH: 11    Dex:  9    Spells: 9/9 levels left

rFire    + . .     SeeInvis .   x - +0 flail (protect)
rCold    + . .     Gourm    .   c - +0 shield
rNeg     . . .     Faith    .   i - +0 plate armour
rPois    .         Spirit   .   (helmet restricted)
rElec    .         Reflect  .   v - +0 cloak
rCorr    .         Harm     .   (no gloves)
MR       .....                  (no boots)
Stlth    ..........             r - amulet of regeneration
HPRegen  0.00/turn              H - ring of protection from fire
MPRegen  0.11/turn              L - ring of protection from cold

@: lethally poisoned (-3 -> -63), non-regenerating, diseased
A: retaliatory headbutt, horns 2
a: no special abilities


You were on level 9 of the Dungeon.
You were hungry.

You visited 1 branch of the dungeon, and saw 11 of its levels.

You collected 721 gold pieces.
You spent 110 gold pieces at shops.

Inventory:

Hand Weapons
 a - a +2 flail of venom
 x - a +0 flail of protection (weapon)
 G - a +2 long sword of slicing
Missiles
 g - 389 stones (quivered)
Armour
 b - a +0 scale mail
 c - a +0 shield (worn)
 i - a +0 plate armour (worn)
 v - a +0 cloak (worn)
Jewellery
 r - an amulet of regeneration (around neck)
 E - a +3 ring of strength
 H - a ring of protection from fire (left hand)
 L - a ring of protection from cold (right hand)
Wands
 e - a wand of lightning (9/15)
 h - a wand of polymorph (9/24)
 t - a wand of iceblast (8/15)
 u - a wand of polymorph (13/24)
 z - a wand of random effects (16/48)
 F - a wand of lightning (9/15)
 J - a wand of digging (15/24)
 K - a wand of random effects (27/48)
Scrolls
 l - 5 scrolls of teleportation
 y - a scroll of fear
 C - 2 scrolls of remove curse
 D - 2 scrolls of amnesia
 I - a scroll of immolation
Potions
 d - 4 potions of might
 f - 2 potions of magic
 j - 2 potions of agility
 m - 2 potions of curing
 o - 2 potions of resistance
 p - 2 potions of brilliance
 s - 3 potions of mutation
 w - 3 potions of invisibility
 B - 2 potions of cancellation
Comestibles
 k - 4 meat rations
 n - a royal jelly
 q - 5 fruits
 A - 3 bread rations


   Skills:
 + Level 7.5 Fighting
 - Level 14.0 Maces & Flails
 + Level 7.5 Armour
 + Level 5.8 Dodging
 + Level 7.6 Shields


You had 9 spell levels left.
You didn't know any spells.

Dungeon Overview and Level Annotations

Branches:
Dungeon (11/15)              Lair (0/6) D:8
 Temple: D:4-7          Orc: D:9-12

Altars:
Ashenzari
Dithmenos
Elyvilon
Fedhas
Gozag
Nemelex Xobeh
Okawaru
Qazlal
Sif Muna
Uskayaw
Vehumet
Wu Jian
Yredelemnul
The Shining One

Shops:
D:4 (   D:9 %:%

Portals:
Trove: D:10 (give +3 ice dragon scales)

Annotations:
D:7 KristoblXynda's ghost, novice DrFi


Innate Abilities, Weirdness & Mutations

You reflexively headbutt those who attack you in melee.
You have a pair of horns on your head.


Message History

You feel very sick.
You feel very sick.
* * * LOW HITPOINT WARNING * * *
You feel sick. You block the death drake's attack.
* * * LOW HITPOINT WARNING * * *
You feel sick.
The death drake bites you but does no damage.
* * * LOW HITPOINT WARNING * * *
You feel sick.
* * * LOW HITPOINT WARNING * * *
You feel sick. The death drake breathes miasma at you.
The foul vapour engulfs you!
You are more poisoned.
* * * LOW HITPOINT WARNING * * *
You are engulfed in dark miasma.
You are more poisoned.
* * * LOW HITPOINT WARNING * * *
x2 You feel very sick.
You die...

# #..##..#...#...........#
# #..##..#...#...........#
###......#)..#∩..........#
.........#...#...........#
.........#...#........#..#
.........#...#........#..#
.........#............#..#
.........#...§§§§.....#..#
.........#..§.k§@.>...#..#
.........#...§§§......#..#
.........#............#..#
.........#............#..#
.........#............#..#
.........#......<.....#..#
.........#............#..#
.........#............#..#
.....#................#..#


You could see a death drake.

Vanquished Creatures
  13 yaks
  2 hungry ghosts
  2 porcupines (D:8)
  5 orc warriors
  3 ice beasts
  3 sky beasts
  2 phantoms
  3 ogres
  3 centaurs
  A big kobold (D:7)
  A crocodile (D:9)
  4 bullfrogs
  A water moccasin zombie (D:6)
  3 scorpions
  4 wights (D:7)
  4 howler monkeys
  4 crimson imps
  A quasit (D:6)
  2 jellies
  5 hounds
  5 orc priests
  3 bullfrog skeletons
  A gnoll shaman (D:6)
  A centaur skeleton (D:10)
  An iguana (D:7)
  10 orc wizards
  9 worker ants
  2 hound zombies
  A hound skeleton (D:8)
  2 worker ant zombies
  Robin (D:2)
  3 gnolls (D:6)
  2 howler monkey skeletons
  13 adders
  3 shadow imps
  An adder zombie (D:6)
  3 worms
  3 leopard geckos
  29 orcs
  7 bats
  8 giant cockroaches
  12 goblins
  6 hobgoblins
  4 jackals
  6 quokkas
  3 frilled lizards
  A jackal skeleton (D:4)
  6 kobolds
  4 rats
  2 fungi (D:8)
218 creatures vanquished.

Vanquished Creatures (others)
  3 fungi (D:8)
3 creatures vanquished.

Grand Total: 221 creatures vanquished

Notes
Turn   | Place    | Note
-------+----------+-------------------------------------------
     0 | D:1      | AsandaNima the Minotaur Fighter began the quest for the Orb.
     0 | D:1      | Reached XP level 1. HP: 19/19 MP: 0/0
   172 | D:1      | Reached skill level 3 in Maces & Flails
   478 | D:1      | Reached XP level 2. HP: 23/26 MP: 1/1
   839 | D:2      | Reached skill level 4 in Maces & Flails
  1026 | D:2      | Reached XP level 3. HP: 17/31 MP: 2/2
  1292 | D:2      | Found a stormy altar of Qazlal.
  1435 | D:2      | Reached skill level 5 in Maces & Flails
  1460 | D:2      | Noticed Robin
  1468 | D:2      | Killed Robin
  1470 | D:2      | Reached XP level 4. HP: 39/39 MP: 3/3
  1614 | D:2      | Found a sparkling altar of Nemelex Xobeh.
  1693 | D:2      | Reached skill level 6 in Maces & Flails
  2157 | D:3      | Reached XP level 5. HP: 40/45 MP: 4/4
  2424 | D:3      | Found a glowing golden altar of the Shining One.
  2741 | D:3      | Found a deep blue altar of Sif Muna.
  2741 | D:3      | Found an opulent altar of Gozag.
  2747 | D:3      | Found a faded altar of an unknown god.
  2749 | D:3      | Found a faded altar of an unknown god.
  2751 | D:3      | Found a radiant altar of Vehumet.
  2921 | D:4      | Noticed a phantom
  2951 | D:4      | Killed a phantom
  2951 | D:4      | Reached skill level 7 in Maces & Flails
  2951 | D:4      | Reached XP level 6. HP: 46/51 MP: 5/5
  2997 | D:4      | Found Mium's Antique Weapon Shoppe.
  3005 | D:4      | Bought a glowing flail for 110 gold pieces
  3062 | D:5      | Entered Level 5 of the Dungeon
  3132 | D:4      | Reached skill level 8 in Maces & Flails
  3195 | D:4      | Found a shattered altar of Ashenzari.
  3341 | D:4      | Found a white marble altar of Elyvilon.
  3684 | D:5      | Found a hide-covered altar of Uskayaw.
  3684 | D:5      | Noticed a hand axe
  3684 | D:5      | Noticed a hand axe
  3689 | D:5      | Got an ancient long sword
  3722 | D:5      | Reached skill level 9 in Maces & Flails
  3780 | D:5      | Noticed an ice beast
  3794 | D:5      | Killed an ice beast
  3794 | D:5      | Reached XP level 7. HP: 47/57 MP: 6/6
  4020 | D:5      | Reached skill level 10 in Maces & Flails
  4177 | D:5      | Found a blossoming altar of Fedhas.
  4408 | D:6      | Found a basalt altar of Yredelemnul.
  4428 | D:6      | Found an iron altar of Okawaru.
  4667 | D:6      | Reached skill level 11 in Maces & Flails
  4678 | D:6      | Reached XP level 8. HP: 51/64 MP: 7/7
  4952 | D:6      | Reached skill level 12 in Maces & Flails
  5183 | D:6      | Reached skill level 13 in Maces & Flails
  5360 | D:7      | Found a shadowy altar of Dithmenos.
  5524 | D:7      | Reached XP level 9. HP: 70/70 MP: 8/8
  5724 | D:7      | Reached skill level 14 in Maces & Flails
  5768 | D:7      | Reached skill level 1 in Dodging
  6220 | D:7      | Noticed KristoblXynda's ghost (novice DrFi)
  6839 | D:8      | Found an ornate altar of the Wu Jian Council.
  7026 | D:8      | Reached skill level 5 in Fighting
  7026 | D:8      | Reached skill level 5 in Armour
  7026 | D:8      | Reached skill level 5 in Shields
  7305 | D:8      | Found a staircase to the Lair.
  7440 | D:8      | Reached XP level 10. HP: 82/83 MP: 9/9
  7807 | D:10     | Entered Level 10 of the Dungeon
  8008 | D:9      | Found Vecar's Food Emporium.
  8092 | D:9      | Found Yzugops's Book Boutique.
  8215 | D:10     | Reached skill level 5 in Dodging
  8312 | D:9      | Found Dohipuj's Food Shoppe.
  8761 | D:10     | Found a portal to a secret trove of treasure.
  8999 | D:10     | Noticed a two-headed ogre
  9073 | D:9      | Noticed a death drake
  9073 | D:9      | a two-headed ogre changed into a death drake
  9083 | D:9      | HP: 1/84 [poisoned by a death drake (dark miasma)]
  9084 | D:9      | Succumbed to a death drake's dark miasma

Vault maps used:
D:1:      minmay_arrival_shattered_statue
D:2:      nemelex_xobeh_ov_fountains_minmay, nicolae_qazlal_eye_of_the_storm,
          kennysheep_generic_room_5, uniq_robin
D:3:      lemuel_crystal_altar, chequers_temple_overflow_minitemple,
          minmay_misc_feat_alley
D:4:      kennysheep_mini_moat, elyvilon_altar_1,
          minmay_temple_entry_from_below_a, serial_shops, nicolae_shop_stone
D:5:      dancing_weapons_uskayaw, kennysheep_mini, first_bread
D:6:      lemuel_round_altar, yredelemnul_altar_generic, hex_tiny
D:7:      nicolae_dithmenos_shadow_blocks
D:8:      lemuel_doored_altar, grunt_lair_entry_orc_guard_hut
D:9:      serial_shops, shop, shop_coins, nicolae_shop_statue_plus
D:10:     nicolae_trove_entry_crystal

Skill      XL: |  1  2  3  4  5  6  7  8  9 10 |
---------------+-------------------------------+-----
Maces & Flails | 3 4 5 6 7 9 11 13 14 | 14.0
Fighting       | 5 7 |  7.5
Dodging        | 4 5 |  5.8
Armour         | 5 7 |  7.5
Shields        | 5 7 |  7.6

Action                   |  1- 3 |  4- 6 |  7- 9 | 10-12 || total
-------------------------+-------+-------+-------+-------++-------
Melee: Flail             |    93 |   210 |   536 |   159 ||   998
       Headbutt          |     4 |    32 |    95 |    39 ||   170
Throw: Stone             |    27 |       |    25 |       ||    52
Evoke: Wand              |       |       |       |     2 ||     2
  Use: Scroll            |     1 |     7 |    12 |     1 ||    21
       Potion            |       |       |     2 |       ||     2
  Eat: Chunk             |     2 |     1 |     9 |     3 ||    15
       Meat ration       |       |     1 |     1 |       ||     2
       Bread ration      |       |     1 |       |       ||     1
       Royal jelly       |       |       |       |     1 ||     1
Armor: Scale mail        |    11 |       |       |       ||    11
       Plate armour      |    65 |   110 |   294 |    67 ||   536
Dodge: Dodged            |    14 |    34 |    68 |    29 ||   145
Block: Shield            |    46 |   115 |   218 |    73 ||   452

Table legend:
 A = Spawn XP
 B = Non-spawn XP
 C = Spawn XP percentage of total XP
 D = Spawn monster count
 E = Non-spawn monster count
 F = Spawn count percentage of total count
 G = Total turns spent on level
                    A         B        C        D         E        F      G
               +---------+---------+-------+---------+---------+-------+---------
         Total |       0 |    9305 |   0.0 |       0 |     216 |   0.0 |  9084
               +---------+---------+-------+---------+---------+-------+---------
           D:1 |       0 |      16 |   0.0 |       0 |       9 |   0.0 |   756
           D:2 |       0 |     144 |   0.0 |       0 |      36 |   0.0 |  1313
           D:3 |       0 |      93 |   0.0 |       0 |      14 |   0.0 |   747
           D:4 |       0 |     262 |   0.0 |       0 |      16 |   0.0 |   858
           D:5 |       0 |     732 |   0.0 |       0 |      14 |   0.0 |   710
           D:6 |       0 |    1179 |   0.0 |       0 |      31 |   0.0 |   970
           D:7 |       0 |    1291 |   0.0 |       0 |      36 |   0.0 |  1142
           D:8 |       0 |    1866 |   0.0 |       0 |      29 |   0.0 |  1078
           D:9 |       0 |    2231 |   0.0 |       0 |      19 |   0.0 |  1007
          D:10 |       0 |    1491 |   0.0 |       0 |      12 |   0.0 |   499
               +---------+---------+-------+---------+---------+-------+---------
